Match 47470354
Unlisted

Match 47470354
End
Selects Luftwaffe Battlegroup
Selects Luftwaffe Pioneer Support
Fallschirmpioneer Squad Paradrop
Kettenkrad Recon Vehicle
Fallschirmpioneer Squad Paradrop
Construct Infanterie Kompanie
Fallschirmpioneer Squad Paradrop
Fallschirmpioneer Squad Paradrop
Infanterie Officer Quarters
Selects Stuka Strafing Run
Stuka Strafing Run
Fallschirmpioneer Squad Paradrop
Stuka Strafing Run
Selects Fallschirmjäger Squad Paradrop
Fallschirmjäger Squad Paradrop
Construct Panzergrenadier Kompanie
Construct Panzer Kompanie
Selects Stuka Loiter
Stuka Strafing Run
Stoßtruppen Squad
Stuka Strafing Run
Panzer IV Medium Tank
Stuka Strafing Run
Selects Flak 38 Anti-Air Emplacement
Selects Flak 36 Anti-tank Gun Emplacement
Stuka Loiter
Panzer IV Medium Tank
Side Skirts
Stuka Strafing Run
Stuka Loiter
Panzer IV Medium Tank
Thunderhill
Humongai Maximus
AquaFerret
MN97
JoOp1809
WeakTendon
JVM
CiCRistoRyti
0
0

Comments sign in to comment!

No comments posted yet!